 Dungeon Crawl Stone Soup version 0.17.2-1-ge4368a0 (webtiles) character file.

388 magipi the Chiller (level 6, -2/32 HPs)
             Began as a Gargoyle Ice Elementalist on Nov 13, 2017.
             Killed by divine providence
             ... invoked by an orc priest
              (13 damage)
             ... on level 5 of the Dungeon.
             The game lasted 00:21:19 (4077 turns).

magipi the Chiller (Gargoyle Ice Elementalist)      Turns: 4077, Time: 00:21:19

Health: -2/32      AC: 11    Str: 12    XL:     6   Next: 79%
Magic:  10/10      EV: 12    Int: 17    God:
Gold:   213        SH:  0    Dex: 10    Spells: 3 memorised, 3 levels left

rFire  . . .     SeeInvis .     b - +1 whip (flame)
rCold  . . .     Clarity  .     g - +0 robe
rNeg   + . .     SustAt   +     (no shield)
rPois  ∞         Gourm    .     (no helmet)
rElec  +         Spirit   .     q - +1 cloak
rCorr  .         Warding  .     k - +0 pair of gloves
rMut   .         Stasis   .     i - +1 pair of boots
MR     .....                    (no amulet)
Stlth  ++........               (no ring)
                                v - ring of sustain attributes

@: not resistant to hostile enchantments, unstealthy
A: negative energy resistance 1, electricity resistance, unbreathing,
petrification resistance, rot immunity, AC +4
a: no special abilities


You were on level 5 of the Dungeon.
You were not hungry.

You visited 1 branch of the dungeon, and saw 5 of its levels.

You collected 304 gold pieces.
You spent 91 gold pieces at shops.

Inventory:

Hand Weapons
 a - a +0 dagger
   (You took it off a goblin on level 1 of the Dungeon)
 b - a +1 whip of flaming (weapon)
   (You found it on level 3 of the Dungeon)
Missiles
 l - 26 poisoned needles
 r - 2 poisoned tomahawks (quivered)
Armour
 g - a +0 robe (worn)
 i - a +1 pair of boots (worn)
   (You found it on level 1 of the Dungeon)
 k - a +0 pair of gloves (worn)
   (You found it on level 1 of the Dungeon)
 q - a +1 cloak (worn)
   (You found it on level 2 of the Dungeon)
Jewellery
 t - an uncursed ring of poison resistance {unknown}
   (You found it on level 4 of the Dungeon)
 v - a ring of sustain attributes (left hand)
   (You found it on level 3 of the Dungeon)
Wands
 u - a wand of polymorph (3)
   (You found it on level 3 of the Dungeon)
 A - a wand of paralysis (10)
   (You found it on level 3 of the Dungeon)
 B - a wand of paralysis (8)
   (You found it on level 4 of the Dungeon)
 D - a wand of flame (21)
   (You took it off a goblin on level 5 of the Dungeon)
Scrolls
 h - 2 scrolls of amnesia
 p - a scroll of remove curse
 y - a scroll of teleportation
Potions
 e - a potion of brilliance
 j - a potion of might
 m - a potion of poison
 o - 2 potions of heal wounds
 s - a potion of lignification {unknown}
 x - 3 potions of curing
 z - a potion of haste {unknown}
 C - a potion of invisibility {unknown}
Books
 w - a book of Frost

   Spells                             Type                      Level
   a - Freeze                         Ice                          1
   b - Throw Frost                    Conjuration/Ice              2
   c - Ozocubu's Armour               Charms/Ice                   3
   d - Throw Icicle                   Conjuration/Ice              4
   e - Summon Ice Beast               Ice/Summoning                4
   f - Condensation Shield            Ice                          4
Comestibles
 c - 3 bread rations
 d - 3 meat rations
 f - 6 fruits
 n - 2 chunks of flesh
 E - a royal jelly


   Skills:
 - Level 1.5 Dodging
 - Level 2.1 Stealth
 - Level 3.0 Spellcasting
   Level 1.1 Conjurations
 * Level 3.4 Summonings
 + Level 5.5 Ice Magic


You had 3 spell levels left.
You knew the following spells:

 Your Spells              Type           Power        Failure   Level  Hunger
a - Freeze                Ice            ###.         1%          1    None
i - Summon Ice Beast      Ice/Summ       ###.....     30%         4    ####...
o - Ozocubu's Armour      Chrm/Ice       ##......     17%         3    ###....


Dungeon Overview and Level Annotations

Branches:
Dungeon (5/15)
 Temple: D:4-7

Altars:
Fedhas
Vehumet

Shops:
D:4 !


Innate Abilities, Weirdness & Mutations

You are resistant to torment.
Your stone body is resilient (AC +4).
You are immune to poison.
You resist negative energy.
You are resistant to electric shocks.
You can survive without breathing.
You are immune to petrification.
You are immune to rotting.


Message History

Unknown command.
Casting: Freeze
Confirm with . or Enter, or press ? or * to list all spells.
Aiming: Freeze
Press: ? - help, Shift-Dir - straight line, f/p - hound
Aim: a hound (heavily wounded)
You freeze the hound.
The hound is severely wounded.
The hound barely misses you.
Unknown command.
Casting: Freeze
Confirm with . or Enter, or press ? or * to list all spells.
Aiming: Freeze
Press: ? - help, Shift-Dir - straight line, f/p - hound
Aim: a hound (severely wounded)
You freeze the hound.
The hound is severely wounded.
The hound misses you. The hound bites you but does no damage.
Unknown command.
Casting: Freeze
Confirm with . or Enter, or press ? or * to list all spells.
Aiming: Freeze
Press: ? - help, Shift-Dir - straight line, f/p - hound
Aim: a hound (severely wounded)
You freeze the hound.
The hound is almost dead.
The hound bites you but does no damage.
Unknown command.
Unknown command.
Casting: Freeze
Confirm with . or Enter, or press ? or * to list all spells.
Aiming: Freeze
Press: ? - help, Shift-Dir - straight line, f/p - hound
Aim: a hound (almost dead)
You freeze the hound.
You kill the hound!
Unknown command.
You start resting.
HP restored.
C - a puce potion You now have 213 gold pieces (gained 8).
E - a royal jelly
Found 15 sling bullets.
Magic restored.
Found 7 gold pieces.
Unknown command.
Casting: Freeze
Confirm with . or Enter, or press ? or * to list all spells.
A chill wind blows around you.
The ogre shouts!
What do you say? t - Shout!
Orders for allies: a - Attack new target. r - Retreat! s - Stop attacking. w - Wait here. f - Follow me.
Anything else - Stay silent.
Gang up on whom?
Press: ? - help, Dir - move target cursor, f - ogre
Aim: an ogre, wielding a giant club Attack!
Unknown command.
The ogre closely misses your ice beast.
Your ice beast completely misses the ogre.
There is a stone staircase leading up here.
The ogre hits your ice beast with a giant club!
Your ice beast hits the ogre.
Your ice beast freezes the ogre!
Your ice beast hits the ogre.
Your ice beast freezes the ogre.
The ogre barely misses your ice beast.
Your ice beast barely misses the ogre.
The ogre hits your ice beast with a giant club!!
Your ice beast dies!
Throwing (i - inventory):
r - 5 poisoned tomahawks (quivered)
Press: ? - help, Shift-Dir - straight line, f/p - ogre
Aim: an ogre, wielding a giant club (heavily wounded, hasn't noticed you)
You throw a poisoned tomahawk. The ogre shouts!
The poisoned tomahawk hits the ogre.
The ogre is poisoned.
The ogre is severely wounded.
Unknown command.
Throwing (i - inventory):
r - 4 poisoned tomahawks (quivered)
Press: ? - help, Shift-Dir - straight line, f/p - ogre
Aim: an ogre, wielding a giant club (severely wounded, poisoned)
You throw a poisoned tomahawk.
The poisoned tomahawk barely misses the ogre.
Unknown command.
An orc comes into view.
The ogre hits you with a giant club!!
Ouch! That really hurt!
* * * LOW HITPOINT WARNING * * *
The ogre looks more healthy.
Throwing (i - inventory):
r - 3 poisoned tomahawks (quivered)
Press: ? - help, Shift-Dir - straight line, f/p - ogre
Aim: an ogre, wielding a giant club (severely wounded)
You throw a poisoned tomahawk.
The poisoned tomahawk barely misses the ogre.
Unknown command.
An orc priest comes into view. It is wielding a club.
An orc comes into view. It is wielding a dagger.
The orc priest mumbles some strange prayers to Beogh against you.
Something smites you!
You die...

### #..##...###........###...
##.####...........)..#...##..##
#........###########........##
##.....<..##########....#...##
######.............(.......o##
##..#.###########.#._.#...#
#.....### #..........
########......###### #...#...##.
#........##.#...@O.####.......###
#........##.######....####..###
#........##.# ####..o....#####
#........##.##### ######.......
#........##.....## #...######
#........####.#..# ###.### ###
#.........##...#.# ##...# ##..
#..............#.####..#######..#
############...#.................


You could see an ogre and an orc priest.

Vanquished Creatures
  A crimson imp (D:5)
  2 hounds
  A giant frog zombie (D:5)
  2 orc wizards (D:4)
  A worker ant (D:5)
  A hound zombie (D:4)
  7 adders
  An ooze (D:2)
  2 adder skeletons
  2 worms
  9 giant geckos
  9 orcs
  A ball python (D:1)
  2 giant cockroaches
  9 goblins
  6 hobgoblins
  5 jackals (D:3)
  4 bats
  A giant cockroach zombie (D:5)
  A giant gecko skeleton (D:5)
  2 giant newts
  A jackal skeleton (D:4)
  5 kobolds
  5 rats
80 creatures vanquished.

Notes
Turn   | Place    | Note
--------------------------------------------------------------
     0 | D:1      | magipi the Gargoyle Ice Elementalist began the quest for the Orb.
     0 | D:1      | Reached XP level 1. HP: 10/10 MP: 3/3
   289 | D:1      | Reached XP level 2. HP: 15/15 MP: 1/5
  1368 | D:2      | Reached XP level 3. HP: 19/19 MP: 2/6
  1374 | D:2      | Learned a level 3 spell: Ozocubu's Armour
  1394 | D:2      | Reached skill level 4 in Ice Magic
  1593 | D:2      | Reached XP level 4. HP: 24/24 MP: 2/7
  2067 | D:3      | Found a blossoming altar of Fedhas.
  2122 | D:3      | Learned a level 4 spell: Summon Ice Beast
  2412 | D:3      | Reached XP level 5. HP: 28/28 MP: 2/9
  2846 | D:4      | Reached skill level 1 in Summonings
  2858 | D:4      | Reached skill level 5 in Ice Magic
  3050 | D:4      | Found Ajuobets's Distillery.
  3061 | D:4      | Bought a potion of curing for 39 gold pieces
  3061 | D:4      | Bought a potion of curing for 39 gold pieces
  3061 | D:4      | Bought a potion of degeneration for 13 gold pieces
  3462 | D:5      | Entered Level 5 of the Dungeon
  3499 | D:5      | Reached XP level 6. HP: 26/32 MP: 10/10
  3607 | D:5      | Found a radiant altar of Vehumet.
  4077 | D:5      | Killed from afar by an orc priest

Action                   |  1- 3 |  4- 6 || total
-------------------------+-------+-------++-------
Melee: Unarmed           |     3 |       ||     3
       Dagger            |    14 |    93 ||   107
       Whip              |       |    22 ||    22
Throw: Tomahawk          |       |     3 ||     3
 Cast: Freeze            |    47 |    86 ||   133
       Summon Ice Beast  |       |     1 ||     1
  Use: Scroll            |       |    13 ||    13
 Stab: Sleeping          |     1 |     3 ||     4
       Distracted        |     1 |       ||     1
  Eat: Chunk             |     3 |     8 ||    11
